 Dungeon Crawl Stone Soup version 0.28.0-45-g0d030f2227 (webtiles) character file.

Game seed: 3957326808599053180

2 GigaChad the Skirmisher (level 1, -1/19 HPs)
             Began as a Palentonga Fighter on Apr 19, 2022.
             Slain by an endoplasm (2 damage)
             ... on level 1 of the Dungeon.
             The game lasted 00:01:23 (114 turns).

GigaChad the Skirmisher (Palentonga Fighter)         Turns: 114, Time: 00:01:24

Health: -1/19      AC:  6    Str: 19    XL:     1   Next: 33%
Magic:  1/1        EV:  7    Int:  8    God:
Gold:   0          SH:  4    Dex:  9    Spells: 0/0 levels left

rFire   . . .      SeeInvis +   a - +0 long sword
rCold   . . .      Faith    .   c - +0 buckler
rNeg    . . .      Spirit   .   b - +0 scale mail
rPois   .          Reflect  .   (no helmet)
rElec   .          Harm     .   (no cloak)
rCorr   .          Rampage  .   (no gloves)
Will    .....                   (no barding)
Stlth   ..........              (no amulet)
HPRegen 0.06/turn               (no ring)
MPRegen 0.07/turn               (no ring)

@: no status effects
A: large, rugged brown scales 3, see invisible, deformed body, roll 1, armoured
tail
a: Rolling Charge


You were on level 1 of the Dungeon.
You visited 1 branch of the dungeon, and saw 1 of its levels.

Inventory:

Hand Weapons
 a - a +0 long sword (weapon)
Armour
 b - a +0 scale mail (worn)
 c - a +0 buckler (worn)
Potions
 d - 2 potions of might
 e - a potion of degeneration {unknown}
 f - a potion of brilliance {unknown}


   Skills:
 + Level 3.0 Fighting
 + Level 2.0 Long Blades
 + Level 2.4 Armour
 + Level 2.4 Shields


You couldn't memorise any spells.
You didn't know any spells.
Your spell library was empty.

Dungeon Overview and Level Annotations

Branches:
Dungeon (1/15)

Altars:


Innate Abilities, Weirdness & Mutations

You are completely covered in rugged brown scales. (AC +3, +7% HP)
You have supernaturally acute eyesight. (SInv)
Armour fits poorly on your strangely shaped body.
You can roll at nearby foes to attack.
You have a long armoured tail.


Message History

The endoplasm quivers.
A kobold comes into view. It is wielding a +0 club.
The kobold shouts!
A rat comes into view.
Found a stone staircase leading down.
The endoplasm freezes you.
You are frozen.
The kobold barely misses you. The rat closely misses you.
You closely miss the kobold. The kobold barely misses you.
The rat closely misses you.
The endoplasm hits you but does no damage.
The kobold hits you with a +0 club.
You slash the kobold!
You kill the kobold!
The rat twitches its whiskers.
The rat bites you.
The endoplasm jiggles.
The endoplasm closely misses you.
The endoplasm hits you but does no damage.
Things that are here:
a +0 club; a kobold corpse The endoplasm closely misses you.
You barely miss the rat. The rat bites you but does no damage.
The endoplasm barely misses you. The rat bites you but does no damage.
The endoplasm closely misses you.
You closely miss the rat.
Your tail-slap misses the rat.
The rat closely misses you. The endoplasm freezes you.
You are frozen.
* * * LOW HITPOINT WARNING * * *
You closely miss the rat. The rat bites you.
* * * LOW HITPOINT WARNING * * *
The endoplasm hits you.
* * * LOW HITPOINT WARNING * * *
You block the rat's attack.
You closely miss the rat.
The endoplasm hits you but does no damage.
The rat barely misses you. The endoplasm hits you.
You die...

#......# #.........#.
#.... #...........
####. #.........# ##..
##.........# #...
####...###...# #...
..###.......##..# ##...
#.>.........#...#
###....
#....r@.....#####......
#....J....#.......##...
#............##########
#........#..## #
#........####
#........# #........#
##########


You could see an endoplasm and a rat.

Vanquished Creatures
  An endoplasm (D:1)
  A kobold (D:1)
  A rat (D:1)
3 creatures vanquished.

Notes
Turn   | Place    | Note
-------+----------+-------------------------------------------
     0 | D:1      | GigaChad the Palentonga Fighter began the quest for the
                  | Orb.
     0 | D:1      | Reached XP level 1. HP: 19/19 MP: 1/1
   114 | D:1      | Slain by an endoplasm

Illustrated notes

Levels and vault maps discovered:
D:1:      pf_arrival_petrified_forest, layout_rooms,
          chequers_ecumenical_altar_lobes, minmay_misc_feat_chi,
          minmay_lizard_pond

Action                   || total
-------------------------++-------
Melee: Long sword        ||     8
Armor: Scale mail        ||     6
Dodge: Dodged            ||    11
Block: Buckler           ||     1
